 Dungeon Crawl Stone Soup version 0.30-a0-591-g3c58d2bc28 (webtiles) character file.

Game seed: 15195885987298698596

978 CannotBeFrozen the Slasher (level 7, -2/58 (61) HPs)
             Began as a Demigod Reaver on Jan 5, 2023.
             Slain by a hell rat (16 damage)
             ... on level 5 of the Dungeon.
             The game lasted 00:19:36 (5659 turns).

CannotBeFrozen the Slasher (Demigod Reaver)         Turns: 5659, Time: 00:19:37

HP:   -2/58 (61)    AC:  5    Str: 19    XL:     7   Next: 63%
MP:   8/13          EV: 12    Int: 23    God:
Gold: 249           SH:  5    Dex: 18    Spells: 2/10 levels left

rFire   . . .      SeeInvis .    a - +0 falchion
rCold   + . .      Faith    .    (no shield)
rNeg    . . .      Spirit   .    y - +0 leather armour {rC+}
rPois   .          Reflect  +    z - +1 hat
rElec   .          Harm     .    (no cloak)
rCorr   .          Rampage  .    d - +0 pair of gloves
Will    .....                    (no boots)
Stlth   +                        b - amulet of reflection
HPRegen 0.29/turn                g - +6 ring of strength
MPRegen 0.13/turn                o - +6 ring of dexterity

@: immotile, very slightly contaminated, lightly drained
A: high MP 1, forlorn, divine attributes
a: no special abilities


You were on level 5 of the Dungeon.
You visited 2 branches of the dungeon, and saw 6 of its levels.

You collected 249 gold pieces.

Inventory:

Hand Weapons
 a - a +0 falchion (weapon)
Missiles
 e - a boomerang (quivered)
 f - 3 atropa-tipped darts {=f=F}
 j - 8 poisoned darts
 w - 13 stones
Armour
 d - a +0 pair of gloves (worn)
 h - a +0 ring mail
 y - a +0 leather armour of cold resistance (worn)
 z - a +1 hat (worn)
Jewellery
 b - an amulet of reflection (around neck)
 g - a +6 ring of strength (left hand)
 m - a ring of fire
 o - a +6 ring of dexterity (right hand)
 A - an amulet of the acrobat
 C - a ring of protection from cold
Wands
 t - a wand of iceblast (6)
 x - a wand of flame (15)
Scrolls
 c - 3 scrolls of enchant armour
 i - a scroll of vulnerability {unknown}
 k - a scroll of magic mapping {unknown}
 l - a scroll of silence {unknown}
 q - 2 scrolls of teleportation {@r2}
 u - 2 scrolls of blinking {unknown}
 B - a scroll of summoning {unknown}
Potions
 n - a potion of cancellation
 p - 4 potions of heal wounds {@q2}
 r - 3 potions of brilliance
 s - a potion of resistance
 v - a potion of invisibility
 D - a potion of flight {unknown}


   Skills:
 + Level 5.2 Fighting
 + Level 5.6 Long Blades
 - Level 1.7 Dodging
 - Level 2.0 Spellcasting
 - Level 3.0 Conjurations
 - Level 4.0 Translocations


You had 2 spell levels left.
You knew the following spells:

 Your Spells              Type           Power      Damage    Failure   Level
h - Hailstorm             Conj/Ice       9%         3d4       24%         3
k - Kiss of Death         Conj/Necr      36%        2d8       9%          1
m - Momentum Strike       Conj/Tloc      36%        3d9       5%          2
z - Blink                 Tloc           40%        N/A       4%          2

Your spell library contained the following spells:

 Spells                   Type           Power      Damage    Failure   Level
 Lesser Beckoning         Tloc           40%        N/A       9%          3
 Animate Armour           Summ/Erth      4%         N/A       83%         4
 Blade Hands              Tmut           1%         N/A       99%         5
 Iron Shot                Conj/Erth      4%         9d2       100%        6


Dungeon Overview and Level Annotations

Branches:
Dungeon (5/15)             Temple (1/1) D:5

Shops:
D:1 :   D:4 :


Innate Abilities, Weirdness & Mutations

You have an increased reservoir of magic. (+10% MP)
You shall have no god before yourself.
Your divine heritage dramatically boosts your attributes as you level up.


Message History

The hell rat is almost dead.
The hell rat closely misses you.
Casting: Momentum Strike (safe; 5% risk of failure)
Confirm with . or Enter, or press ? or * to list all spells.
Aiming: Momentum Strike (safe; 5% risk of failure)
Press: ? - help, Dir - move target, f/p - hell rat
Aim: a hell rat (almost dead, 71% to hit)
The concentrated momentum hits the hell rat!
You kill the hell rat!
You are unable to move.
MP: 10/13 (-2) Throw: boomerang
Press: ? - help, Q - select action, (/) - cycle Shift-Dir - straight line, f - hell rat
Aim: a hell rat (63% to hit)
Okay, then.
Throw: 5 darts (atropa) {=f=F}
Press: ? - help, Shift-Dir - straight line, f - hell rat
Aim: a hell rat (63% to hit, chance to blind on hit: 75%)
You throw an atropa-tipped dart {=f=F}.
The atropa-tipped dart {=f=F} barely misses the hell rat.
The hell rat bites you!
* * * LOW HITPOINT WARNING * * *
HP: 22/60 (-10) ====-------- !
Throw: 4 darts (atropa) {=f=F}
Press: ? - help, Shift-Dir - straight line, f/p - hell rat
Aim: a hell rat (63% to hit, chance to blind on hit: 75%)
You throw an atropa-tipped dart {=f=F}.
The atropa-tipped dart {=f=F} closely misses the hell rat.
The hell rat bites you!
* * * LOW HITPOINT WARNING * * *
You feel drained.
* * * LOW HITPOINT WARNING * * *
HP: 14/58 (-8) ==---------- !
Okay, then.
Casting: Momentum Strike (safe; 5% risk of failure)
Confirm with . or Enter, or press ? or * to list all spells.
You miscast Blink.
You are very lightly contaminated with residual magic.
Nothing appears to happen.
The hell rat bites you!
You die...

....####.#...#.### #.#
#####†..#.###.#.†## #.#
####.###### #####.## #.#
..#.### ##.####.# ..##..##
##..##.# ..####.## ###.#.#
..###.## .r ##.##.#
..##.## #.### ###.#.#.#
..###.##...#...##@.####.#
..# #..#
#....rrr######.###### ..#
#..###########...........#
#######.## #.####.####.#
.........+ #.# #.#
......#### #.# #.#
......### ### #.#
##......# ######### #.#
##......# #~~~#~~~# #.#


You could see a hell rat and 2 river rats.

Vanquished Creatures
  An ice beast (D:5)
  A black bear (D:4)
  A phantom (D:5)
  3 scorpions
  3 hounds (D:4)
  Ijyb (D:3)
  2 orc wizards
  A hell rat (D:5)
  9 gnolls
  13 river rats (D:5)
  5 adders
  3 worms
  2 dart slugs (D:4)
  14 orcs
  3 bats
  8 endoplasms
  4 giant cockroaches
  2 goblins
  7 hobgoblins
  2 jackals (D:2)
  2 quokkas
  3 ball pythons
  3 frilled lizards
  4 kobolds
  2 rats
99 creatures vanquished.

Vanquished Creatures (others)
  33 fungi
  4 plants
37 creatures vanquished.

Grand Total: 136 creatures vanquished

Notes
Turn   | Place    | Note
-------+----------+-------------------------------------------
     0 | D:1      | CannotBeFrozen the Demigod Reaver began the quest for the
                  | Orb.
     0 | D:1      | Reached XP level 1. HP: 17/17 MP: 5/5
   593 | D:1      | Found Qiaryq's Vocational Training.
   824 | D:1      | Reached XP level 2. HP: 22/22 MP: 7/7
   827 | D:1      | Learned a level 2 spell: Momentum Strike
   974 | D:1      | Learned a level 2 spell: Blink
  1332 | D:2      | Reached skill level 1 in Translocations
  2022 | D:2      | Reached XP level 3. HP: 26/29 MP: 8/8
  2037 | D:2      | Noticed a scorpion
  2046 | D:2      | HP: 1/29 [poisoned by a scorpion]
  2051 | D:2      | Killed a scorpion
  2052 | D:2      | Reached XP level 4. HP: 22/36 MP: 4/9
  2469 | D:3      | Noticed Ijyb
  2703 | D:3      | Reached XP level 5. HP: 17/41 MP: 7/10
  3171 | D:3      | Killed Ijyb
  3743 | D:4      | Found Bappaoc's Book Shop.
  3864 | D:4      | Noticed a black bear
  3894 | D:4      | Noticed a black bear
  3994 | D:5      | Entered Level 5 of the Dungeon
  3995 | D:5      | Found a staircase to the Ecumenical Temple.
  4006 | Temple   | Entered the Ecumenical Temple
  4052 | D:5      | Reached XP level 6. HP: 27/51 MP: 9/11
  4655 | D:5      | Reached XP level 7. HP: 58/60 MP: 11/13
  4893 | D:4      | Reached skill level 5 in Long Blades
  4969 | D:4      | Learned a level 3 spell: Hailstorm
  5387 | D:5      | Reached skill level 5 in Fighting
  5659 | D:5      | Slain by a hell rat

Illustrated notes

Levels and vault maps discovered:
D:1:      wander_arrival_fairy_ring, layout_basic, nicolae_shop_vocational
D:2:      layout_basic
D:3:      layout_loops_ring, mainiacjoe_overflow_chevrons, fedhas_altar_3,
          gammafunk_temple_overflow_statue, uniq_ijyb
D:4:      layout_rooms, marbit_many_paths, serial_shops, shop
D:5:      wander_guarded_unrand_ratskin, layout_basic,
          mainiacjoe_overflow_paths, minmay_temple_entry_statues_fountains,
          serial_aquarium, aquarium_bridge_straight [aquarium_subvault_bridge,
          aquarium_subvault_window, aquarium_subvault_bridge,
          aquarium_subvault_window], aquarium_window_corridor_1,
          aquarium_window_corner, aquarium_window_fake, aquarium_window_corner,
          aquarium_view_2d
Temple:   hellmonk_temple_two_chambers

Skill      XL: |  1  2  3  4  5  6  7 |
---------------+----------------------+-----
Spellcasting   | 2 |  2.0
Conjurations   | 3 |  3.0
Translocations | 1 3 4 |  4.0
Fighting       | 2 3 4 5 |  5.2
Long Blades    | 3 4 5 |  5.6
Dodging        | |  1.7

Action                   |  1- 3 |  4- 6 |  7- 9 || total
-------------------------+-------+-------+-------++-------
Melee: Falchion          |    60 |   162 |    83 ||   305
       Punch             |       |       |     1 ||     1
Throw: Stone             |    17 |     2 |       ||    19
       Dart              |     8 |    42 |     6 ||    56
       Boomerang         |       |    22 |    14 ||    36
 Cast: Kiss of Death     |     1 |       |       ||     1
       Momentum Strike   |     3 |    26 |    14 ||    43
       Blink             |       |     3 |     2 ||     5
       Hailstorm         |       |       |     1 ||     1
  Use: Potion            |     2 |       |       ||     2
       Scroll            |       |     5 |       ||     5
 Stab: Sleeping          |     1 |     2 |     1 ||     4
       Distracted        |       |     1 |       ||     1
       Invisible         |       |       |     1 ||     1
Armor: Leather armour    |    16 |    43 |     7 ||    66
Dodge: Dodged            |    31 |    84 |    46 ||   161
Block: Other             |       |    22 |    19 ||    41
       Reflection        |       |     1 |       ||     1

Table legend: (Time is in decaauts)
 A = Elapsed time spent in this place.
 B = Non-inter-level travel time spent in this place.
 C = Inter-level travel time spent in this place.
 D = Time resting spent in this place.
 E = Time spent auto-exploring this place.
 F = Levels seen in this place.
 G = Mean time per level.
                   A        B        C        D        E       F      G
               +--------+--------+--------+--------+--------+-----+--------+
         Total |   5706 |   5458 |    248 |   1125 |   2775 |   6 |  951.0 |
       Dungeon |   5702 |   5454 |    248 |   1125 |   2775 |   5 | 1140.4 |
        Temple |      3 |      3 |      0 |      0 |      0 |   1 |    3.0 |
               +--------+--------+--------+--------+--------+-----+--------+

Top non-repeatable levels by time:
     D:3: 1342 daAuts
     D:5: 1284 daAuts
     D:2: 1176 daAuts
     D:1: 1142 daAuts
     D:4: 757 daAuts
  Temple: 3 daAuts
